Map: Glittering Ashes LE

Players

Reynor - Winner!

  • Race: Zerg Zerg

TIME (Oliveira)

  • Race: Terran Terran

Event: TSL 8

VOD

Have the link to the VOD?

Description

Time

  • Played on: Dec. 4, 2021, 10:05 a.m.
  • Length: 11:43

All games in this series

Show
View Real Time Build Order
Export as new Build Order

Reynor Zerg - Winner!

Build Orders: Hatch First 

Get SALT Encoding   

  12  0:00  Drone  
  13  0:12  Overlord  
  13  0:17  Drone  
  14  0:30  Drone x2  
  16  0:48  Hatchery  
  15  0:51  Drone  
  15  0:54  Drone  
  17  0:58  Drone  
  18  1:09  Extractor  
  17  1:13  Spawning Pool  
  17  1:16  Drone  
  17  1:19  Drone  
  18  1:27  Drone  
  19  1:39  Drone  
  20  1:49  Overlord  
  20  2:00  Queen x2  
  20  2:01  Zergling x4  
  26  2:10  Drone  
  26  2:11  Drone  
  26  2:12  Metabolic Boost  
  28  2:23  Drone x2  
  30  2:36  Hatchery  
  29  2:41  Queen  
  29  2:43  Drone  
  32  2:46  Overlord  
  32  2:49  Drone  
  33  2:52  Drone  
  33  2:54  Drone  
  33  2:57  Drone  
  36  3:10  Drone x2  
  36  3:11  Drone, Overlord  
  39  3:15  Zergling x2  
  39  3:17  Drone  
  41  3:20  Queen  
  41  3:24  Drone  
  44  3:27  Overlord  
  44  3:30  Drone  
  44  3:32  Queen  
  47  3:39  Drone  
  48  3:42  Overlord  
  48  3:47  Drone x4  
  48  3:48  Queen  
  54  3:54  Zergling x4  
  55  3:56  Overlord  
  55  3:57  Drone  
  55  3:58  Drone  
  55  3:59  Overlord  
  57  4:04  Queen  
  59  4:10  Queen  
  59  4:11  Drone  
  59  4:13  Drone  
  59  4:16  Drone x2  
  65  4:19  Drone  
  65  4:23  Drone  
  67  4:24  Queen  
  67  4:31  Overlord  
  69  4:32  Drone x2  
  69  4:37  Overlord  
  71  4:39  Drone x2  
  71  4:40  Drone, Queen  
  71  4:43  Overlord  
  76  4:49  Overlord  
  76  4:50  Drone, Spore Crawler  
  76  4:51  Drone  
  77  4:55  Zergling x8  
  81  5:01  Drone x3  
  81  5:04  Overlord  
  81  5:06  Drone  
  85  5:08  Drone  
  85  5:09  Evolution Chamber x2  
  84  5:15  Drone, Overlord  
  84  5:19  Queen  
  87  5:21  Spore Crawler  
  87  5:24  Zergling x8  
  87  5:26  Drone x3  
  92  5:29  Extractor x2  
  92  5:34  Drone x2  
  92  5:36  Drone  
  92  5:38  Hatchery  
  92  5:42  Zerg Ground Armor Level 1, Zerg Melee Weapons Level 1  
  92  5:43  Drone x3  
  92  5:44  Drone  
  92  5:45  Drone  
  92  5:49  Drone  
  98  5:50  Drone  
  98  5:51  Drone  
  98  5:53  Extractor, Overlord  
  98  5:54  Drone x2  
  98  5:56  Lair, Spore Crawler  
  100  5:58  Drone x2  
  100  6:01  Extractor x2  
  100  6:07  Baneling Nest  
  99  6:14  Drone x4  
  99  6:16  Drone  
  99  6:17  Drone  
  105  6:21  Drone x2  
  107  6:27  Overlord  
  107  6:29  Drone x8  
  107  6:30  Zergling x2  
  116  6:36  Drone  
  116  6:37  Drone  
  118  6:42  Zergling x2  
  118  6:46  Drone  
  120  6:48  Zergling x2, Spore Crawler  
  120  6:49  Spore Crawler x2  
  120  6:50  Hatchery  
  120  6:52  Zergling x4  
  120  6:54  Spore Crawler  
  118  6:56  Zergling x6  
  118  6:57  Zergling x6, Centrifugal Hooks  
  124  7:02  Zergling x8  
  119  7:08  Drone x2  
  119  7:10  Drone x2  
  119  7:11  Drone  
  119  7:13  Drone  
  119  7:15  Drone  
  117  7:22  Drone x3  
  120  7:23  Drone  
  120  7:25  Drone x2  
  120  7:26  Drone  
  124  7:30  Drone x3  
  124  7:31  Drone x3  
  124  7:35  Drone x3  
  133  7:40  Hydralisk Den  
  133  7:41  Drone  
  133  7:46  Zerg Ground Armor Level 2  
  133  7:47  Zerg Melee Weapons Level 2  
  133  7:52  Zergling x12  
  133  7:53  Pneumatized Carapace  
  132  7:58  Drone x4  
  132  8:00  Drone  
  132  8:01  Zergling x8  
  132  8:04  Baneling x16  
  140  8:07  Baneling x6  
  140  8:12  Spore Crawler  
  140  8:13  Spore Crawler x2  
  140  8:16  Drone x8  
  140  8:17  Drone  
  140  8:19  Muscular Augments  
  146  8:21  Baneling x3  
  146  8:22  Baneling x5  
  146  8:26  Overlord  
  146  8:31  Hydralisk  
  146  8:32  Hydralisk x2  
  146  8:39  Hydralisk x2  
  148  8:42  Baneling x8  
  148  8:46  Baneling x4  
  148  8:47  Baneling x2  
  148  8:48  Drone x2  
  148  8:49  Drone x5  
  148  8:50  Extractor  
  148  8:51  Extractor  
  148  8:52  Overlord x3  
  148  8:53  Spore Crawler  
  148  8:54  Spore Crawler x2  
  150  9:02  Drone x5, Spore Crawler  
  154  9:03  Drone x3  
  154  9:04  Spore Crawler  
  156  9:13  Hydralisk x3  
  156  9:14  Zergling x6  
  162  9:17  Hydralisk x3  
  162  9:22  Infestation Pit  
  167  9:24  Zergling x16  
  167  9:27  Zergling x4  
  167  9:29  Zergling x2  
  167  9:30  Zergling x6  
  167  9:31  Grooved Spines, Zergling x4  
  181  9:32  Zergling x2  
  175  9:40  Drone x4  
  175  9:42  Overlord  
  177  9:49  Zergling x6  
  178  9:56  Overlord  
  178  9:58  Zergling x8  
  182  10:05  Overseer, Baneling x6  
  182  10:07  Hive, Overlord  
  182  10:10  Zergling x2  
  182  10:11  Zergling x14  
  190  10:15  Hydralisk x2  
  190  10:20  Zergling x6  
  195  10:22  Hydralisk  
  195  10:23  Zergling x2  
  197  10:28  Lurker Den  
  197  10:34  Zergling x10  
  193  10:43  Hydralisk, Zergling x2  
  193  10:44  Zergling x16  
  193  10:46  Hydralisk  
  193  10:47  Zergling x2  
  194  10:54  Baneling x6  
  194  10:55  Baneling x8, Zergling x12  
  200  10:59  Drone x3  
  196  11:05  Zergling x6  
  196  11:06  Hydralisk  
  196  11:07  Hydralisk x2, Zergling x4  
  185  11:12  Hydralisk  
  185  11:14  Hydralisk x2  
  185  11:15  Zergling x2  
  181  11:21  Zergling x18  
Show
View Real Time Build Order
Export as new Build Order

TIME Terran 

Build Orders: Hellion Opening, Reaper Expand 

Get SALT Encoding   

  12  0:00  SCV  
  13  0:12  SCV  
  14  0:17  Supply Depot  
  14  0:25  SCV  
  15  0:38  SCV  
  15  0:40  Barracks  
  16  0:44  Refinery  
  16  0:50  SCV  
  17  1:02  SCV  
  18  1:15  SCV  
  19  1:27  Reaper  
  19  1:28  Orbital Command  
  20  1:39  Command Center  
  20  1:46  Supply Depot  
  20  1:54  SCV  
  20  1:59  Marine  
  22  2:08  SCV  
  23  2:10  Factory  
  23  2:20  SCV  
  24  2:22  Barracks Reactor  
  24  2:32  SCV  
  25  2:41  Command Center  
  25  2:44  SCV  
  26  2:51  Orbital Command  
  26  2:56  SCV  
  27  3:01  Starport  
  27  3:08  SCV  
  27  3:10  Hellion  
  27  3:11  Hellion  
  32  3:15  Refinery  
  32  3:18  SCV  
  33  3:26  SCV  
  34  3:28  Marine  
  34  3:30  SCV  
  40  3:34  Hellion x2  
  40  3:38  Viking  
  40  3:40  SCV  
  43  3:42  SCV  
  43  3:52  SCV  
  43  3:53  Orbital Command  
  43  3:54  SCV  
  43  3:55  Barracks Tech Lab  
  45  3:59  Hellion x2  
  49  4:03  Supply Depot  
  49  4:04  SCV  
  49  4:08  Medivac  
  52  4:12  SCV  
  52  4:14  Armory  
  53  4:17  SCV  
  53  4:18  Refinery  
  53  4:19  SCV  
  53  4:23  Hellion  
  57  4:25  Hellion  
  57  4:29  Supply Depot  
  57  4:30  SCV  
  60  4:31  SCV  
  60  4:36  SCV  
  62  4:40  Factory  
  62  4:44  SCV  
  63  4:49  Hellion x2, Starport Reactor  
  67  4:53  Supply Depot, SCV x2  
  69  5:04  SCV  
  69  5:06  SCV  
  71  5:07  Barracks Tech Lab  
  71  5:11  Barracks  
  71  5:12  Widow Mine x2, Barracks  
  73  5:14  SCV  
  73  5:16  SCV  
  73  5:19  Refinery  
  73  5:20  Supply Depot  
  75  5:21  Supply Depot  
  75  5:24  SCV  
  75  5:27  Marine  
  75  5:28  Stimpack  
  75  5:30  Drilling Claws  
  75  5:33  Widow Mine x2  
  79  5:36  Widow Mine  
  79  5:37  Orbital Command  
  79  5:38  SCV x2  
  79  5:41  Engineering Bay  
  83  5:44  Engineering Bay  
  83  5:48  Medivac x2  
  85  5:51  SCV x2  
  87  5:57  Marine  
  87  5:58  Widow Mine x3  
  87  6:03  Barracks Reactor x2, SCV  
  87  6:04  SCV x2  
  97  6:13  Supply Depot  
  97  6:15  SCV  
  97  6:16  SCV  
  97  6:18  Supply Depot, SCV  
  99  6:21  Supply Depot  
  100  6:28  SCV  
  100  6:31  Barracks  
  100  6:32  Terran Infantry Weapons Level 1, Barracks  
  101  6:35  Widow Mine x2, SCV x2, Marine  
  101  6:36  Refinery  
  101  6:39  Siege Tank  
  111  6:42  Marine x3  
  111  6:43  Supply Depot, Terran Infantry Armor Level 1  
  111  6:44  Supply Depot, SCV  
  115  6:47  SCV  
  115  6:50  Marine  
  115  6:53  SCV, Marine  
  119  7:00  Widow Mine, Marine, Hellion  
  124  7:04  Marine  
  125  7:09  Medivac x2  
  125  7:12  Marine x2  
  125  7:14  Widow Mine, Combat Shield  
  129  7:16  SCV  
  129  7:19  Barracks Reactor x2  
  120  7:22  Supply Depot  
  120  7:23  Command Center  
  120  7:25  Widow Mine x2  
  120  7:26  Marine  
  120  7:28  Marine  
  120  7:29  SCV x2  
  128  7:32  SCV, Marine x2  
  128  7:33  Refinery  
  133  7:37  Widow Mine, Sensor Tower  
  133  7:38  Marine  
  133  7:44  Marine  
  134  7:46  Widow Mine, Marine  
  134  7:49  SCV  
  134  7:50  Marine  
  141  7:51  SCV x2  
  141  7:52  Marine  
  141  7:53  Supply Depot  
  141  7:56  Marine  
  140  8:00  Marine x4  
  140  8:01  Supply Depot  
  140  8:02  SCV  
  140  8:05  Marine x2  
  147  8:08  Marine  
  147  8:09  Marine  
  149  8:14  Marine  
  149  8:15  Widow Mine, Medivac x2  
  149  8:17  Marine  
  149  8:19  Marine  
  157  8:20  Widow Mine x2  
  157  8:21  Marine x2  
  157  8:22  Marine  
  157  8:25  SCV x2  
  157  8:26  Supply Depot  
  159  8:27  Supply Depot  
  159  8:28  Marine  
  159  8:30  Barracks  
  159  8:31  Barracks  
  159  8:32  Barracks  
  136  8:34  SCV  
  136  8:37  SCV  
  136  8:38  Marine x3  
  136  8:43  Supply Depot, Marine x2  
  136  8:44  Marine  
  136  8:47  SCV  
  136  8:48  Supply Depot, Marine  
  140  8:53  Widow Mine  
  140  8:54  Widow Mine  
  145  8:59  SCV  
  144  9:04  Terran Infantry Weapons Level 2  
  144  9:07  Terran Infantry Armor Level 2  
  144  9:11  SCV  
  144  9:13  SCV  
  144  9:14  Planetary Fortress  
  146  9:17  SCV  
  146  9:18  Marine  
  146  9:19  Marine  
  146  9:23  SCV  
  150  9:26  Siege Tank  
  151  9:32  Marine x3  
  151  9:33  Widow Mine x2  
  158  9:42  SCV x2, Marine x3  
  158  9:43  Medivac x2  
  160  9:49  Marine x2  
  160  9:51  SCV  
  155  9:54  SCV x3  
  155  9:55  Marine  
  155  9:56  Supply Depot, Marine  
  159  10:00  Widow Mine x2  
  159  10:02  Marine  
  159  10:06  SCV  
  163  10:08  SCV  
  163  10:09  Marine  
  163  10:10  Siege Tank  
  168  10:15  Barracks Tech Lab x3  
  168  10:16  Medivac  
  168  10:17  Medivac  
  168  10:20  Marine x3  
  175  10:26  Marine x2  
  175  10:28  Widow Mine x2  
  177  10:32  Marine x2  
  177  10:34  Command Center  
  173  10:46  Marine x2  
  173  10:47  Marine x3  
  173  10:48  Marine  
  173  10:49  Marauder x3, Siege Tank  
  152  10:50  Marine  
  152  10:51  Marine  
  152  10:56  Marine  
  151  11:04  Marine  
  151  11:10  Marine  
  132  11:15  Marine  
  132  11:17  Marauder x2, Marine x3  
  120  11:19  Widow Mine  
Tags
 
Add a new tag
Caveats
  • Supply blocks, unpowered buildings, or Contaminate may cause inaccurate times.
  • Supply counts are checked every 10 seconds.